 Dungeon Crawl Stone Soup version 0.28.0 (webtiles) character file.

Game seed: 9776241132951744976

1 spaghetti the Sneak (level 1, -10/21 HPs)
             Began as a Naga Delver on Feb 18, 2022.
             Mangled by an ice beast (12 damage)
             ... on level 5 of the Dungeon.
             The game lasted 00:00:12 (11 turns).

spaghetti the Sneak (Naga Delver)                     Turns: 11, Time: 00:00:13

Health: -10/21     AC:  1    Str: 14    XL:     1   Next: 20%
Magic:  1/1        EV:  9    Int: 10    God:
Gold:   0          SH:  0    Dex: 12    Spells: 0/0 levels left

rFire   . . .      SeeInvis +   a - +0 falchion
rCold   . . .      Faith    .   (no shield)
rNeg    . . .      Spirit   .   b - +0 leather armour
rPois   +          Reflect  .   (no helmet)
rElec   .          Harm     .   (no cloak)
rCorr   .          Rampage  .   (no gloves)
Will    .....                   (no barding)
Stlth   +++.......              (no amulet)
HPRegen 0.07/turn               (no ring)
MPRegen 0.07/turn               (no ring)

@: short of breath, hasted, quick
A: AC +0, large, see invisible, deformed body, poison resistance, slowness 2,
spit poison 1, naga tail 1
a: Spit Poison


You were on level 5 of the Dungeon.
You visited 1 branch of the dungeon, and saw 1 of its levels.

Inventory:

Hand Weapons
 a - a +0 falchion (weapon)
Armour
 b - a +0 leather armour (worn)
Wands
 g - a wand of digging (3)
Scrolls
 c - a scroll of fog
 d - a scroll of magic mapping
 e - a scroll of fear


   Skills:
 + Level 3.0 Fighting
 + Level 2.0 Long Blades
 + Level 1.6 Dodging
 + Level 7.2 Stealth


You couldn't memorise any spells.
You didn't know any spells.
Your spell library was empty.

Dungeon Overview and Level Annotations

Branches:
Dungeon (5/15)
 Temple: D:4-7

Altars:


Innate Abilities, Weirdness & Mutations

Your serpentine skin is tough. (AC +0)
You have supernaturally acute eyesight. (SInv)
Armour fits poorly on your strangely shaped body.
Your system is resistant to poisons. (rPois)
You cover ground very slowly.
You can spit poison.
You have a snake-like lower body.


Message History

The Orb of Zot is coveted for many reasons.
Will you seize it for your own?
Press ? for a list of commands and other information.
Found a stone staircase leading down.
Unknown command.
A centaur skeleton comes into view.
A centaur skeleton is nearby!
A quokka, an ice beast and an adder come into view.
Found a scroll of fear and a manual of Stealth.
The ice beast moves out of view.
Aiming: Spit Poison (3% risk of failure)
Press: ? - help, Q - select action Shift-Dir - straight line, f - quokka
Aim: a quokka (asleep, 100% to hit)
The splash of poison hits the quokka!
The quokka is poisoned.
You kill the quokka!
Okay, then.
You feel yourself speed up.
You have got your breath back.
Aiming: Spit Poison (3% risk of failure)
Press: ? - help, Q - select action Shift-Dir - straight line, f - ice beast
Aim: an ice beast (53% to hit)
The splash of poison hits the ice beast.
The ice beast is lightly wounded.
You hit the ice beast.
The ice beast is lightly wounded.
You hit the ice beast but do no damage.
The ice beast is lightly wounded.
The ice beast hits you. The ice beast freezes you!
Ouch! That really hurt!
* * * LOW HITPOINT WARNING * * *
You hit the ice beast.
The ice beast is moderately wounded.
The ice beast closely misses you.
Unknown command.
You hit the ice beast but do no damage.
The ice beast is moderately wounded.
The ice beast hits you.
* * * LOW HITPOINT WARNING * * *
The ice beast freezes you!
Ouch! That really hurt!
You die...

..#.#
.#.#
...#
#..#
#..#
#..#
####..#
#.ZY@>#
#.#####
...
.....
#...†..
#......
#..?...
##:.S..


You could see an ice beast and a centaur skeleton.

Vanquished Creatures
  A quokka (D:5)
1 creature vanquished.

Notes
Turn   | Place    | Note
-------+----------+-------------------------------------------
     0 | D:5      | spaghetti the Naga Delver began the quest for the Orb.
     0 | D:5      | Reached XP level 1. HP: 21/21 MP: 1/1
     2 | D:5      | Noticed an ice beast
    11 | D:5      | Mangled by an ice beast

Illustrated notes

Levels and vault maps discovered:
D:5:      lemuel_insect_pit, layout_basic, enter_ossuary_4, minivault_24,
          minmay_manual_moon, uniq_grinder

Action                   || total
-------------------------++-------
Melee: Falchion          ||     4
 Abil: Spit Poison       ||     2
  Use: Potion            ||     1
Dodge: Dodged            ||     1
